Map: Ascension to Aiur LE

Players

JonSnow - Winner!

  • Race: Zerg Zerg
  • Spawn Location: 11:00

Zanster

  • Race: Zerg Zerg
  • Spawn Location: 5:00

Event: WCS Jonkoping 2017

VOD

Have the link to the VOD?

Description

Time

  • Played on: June 17, 2017, 2:49 p.m.
  • Length: 24:00

All games in this series

Show
View Real Time Build Order
Export as new Build Order

JonSnow Zerg - Winner!

Build Orders: Hatch First 

Get SALT Encoding   

  12  0:01  Drone  
  13  0:12  Overlord  
  13  0:17  Drone  
  14  0:31  Drone x2  
  14  0:35  Drone  
  17  0:51  Hatchery  
  17  0:55  Drone  
  17  0:59  Drone  
  18  1:09  Extractor  
  17  1:14  Spawning Pool  
  16  1:19  Drone  
  16  1:20  Drone  
  18  1:29  Overlord  
  18  1:40  Drone  
  19  1:54  Drone  
  20  2:00  Drone  
  20  2:01  Queen  
  21  2:03  Queen  
  21  2:04  Zergling x2  
  26  2:12  Metabolic Boost  
  26  2:15  Drone x2  
  28  2:21  Drone  
  29  2:26  Drone  
  30  2:37  Hatchery  
  29  2:48  Overlord  
  29  2:52  Zergling x6  
  29  2:55  Zergling x2  
  33  3:00  Drone  
  33  3:06  Zergling x2  
  33  3:11  Zergling x8  
  38  3:23  Drone x2  
  38  3:24  Roach Warren  
  38  3:26  Zergling x6  
  42  3:33  Zergling x2  
  43  3:35  Overlord  
  42  3:47  Zergling x2  
  42  3:48  Zergling x2  
  42  3:49  Drone x2  
  42  3:52  Drone  
  38  3:57  Drone x3  
  38  4:02  Drone x3  
  43  4:10  Overlord  
  41  4:18  Roach x3  
  41  4:22  Roach  
  49  4:27  Roach x2  
  49  4:31  Roach  
  55  4:35  Zergling x2, Roach  
  57  4:40  Zergling x2, Roach  
  60  4:48  Zergling x2, Roach x2  
  64  4:53  Zergling x2  
  59  5:00  Zergling x6, Roach x2  
  59  5:05  Zergling x4  
  62  5:14  Zergling x2, Roach  
  62  5:15  Zergling x4  
  62  5:20  Extractor  
  64  5:22  Zergling x2  
  64  5:23  Evolution Chamber, Zergling x2  
  64  5:25  Overlord  
  65  5:33  Overlord x2  
  63  5:44  Drone x3  
  66  5:52  Drone x5  
  66  5:56  Zerg Missile Weapons Level 1  
  71  5:57  Drone x2  
  71  6:01  Extractor  
  71  6:05  Drone x2  
  71  6:06  Drone  
  71  6:10  Queen  
  76  6:22  Drone x6  
  82  6:26  Lair  
  82  6:28  Drone  
  80  6:34  Roach x2  
  80  6:35  Roach  
  85  6:41  Overlord  
  85  6:46  Overlord x2  
  85  6:49  Roach x2  
  87  6:57  Roach  
  89  7:06  Roach x4  
  89  7:07  Roach  
  89  7:08  Roach x3  
  107  7:15  Roach x2  
  107  7:16  Roach  
  110  7:23  Roach x2  
  110  7:24  Roach  
  110  7:27  Overlord  
  114  7:31  Extractor  
  114  7:36  Overlord x2  
  113  7:43  Glial Reconstitution  
  113  7:48  Roach x3  
  113  7:49  Roach  
  121  7:56  Roach x2  
  121  7:57  Drone x2  
  121  7:58  Drone x3  
  130  8:00  Extractor  
  130  8:05  Drone x3  
  131  8:08  Overlord  
  131  8:10  Zerg Missile Weapons Level 2  
  132  8:14  Drone x4  
  136  8:21  Overlord x3  
  136  8:23  Overseer  
  136  8:28  Roach x2  
  144  8:34  Roach x3  
  144  8:39  Unknown  
  144  8:40  Roach x3  
  144  8:41  Roach  
  153  8:48  Roach x4  
  161  8:51  Overlord  
  161  8:56  Overlord x2  
  161  9:01  Overlord  
  161  9:03  Ravager x2  
  161  9:04  Ravager  
  161  9:06  Drone x2  
  161  9:08  Ravager  
  167  9:12  Roach x3  
  173  9:22  Roach x5  
  183  9:27  Extractor  
  183  9:30  Roach  
  183  9:31  Roach  
  186  9:37  Roach x3  
  192  9:43  Hatchery  
  191  9:46  Roach x2  
  191  9:47  Roach x2  
  199  9:54  Overlord x2  
  199  10:20  Hydralisk Den  
  198  10:26  Zerg Ground Armor Level 1  
  151  10:36  Roach x10  
  151  10:37  Roach x3  
  147  10:45  Roach x2  
  147  10:48  Roach x2  
  137  10:51  Roach  
  135  11:00  Roach x2  
  135  11:02  Overseer, Pneumatized Carapace  
  133  11:07  Roach  
  133  11:08  Queen  
  133  11:10  Muscular Augments  
  135  11:15  Hydralisk  
  135  11:16  Hydralisk x4  
  145  11:20  Roach x2  
  145  11:21  Roach  
  151  11:26  Roach x3  
  157  11:35  Ravager  
  157  11:36  Roach x2  
  157  11:37  Roach  
  164  11:41  Roach x3  
  164  11:45  Roach x2  
  164  11:46  Roach  
  176  11:48  Unknown  
  176  11:52  Roach x4  
  184  11:55  Overseer  
  184  11:57  Roach  
  184  11:59  Overlord  
  186  12:07  Extractor, Roach x4  
  186  12:08  Roach x2  
  196  12:26  Spine Crawler  
  196  12:27  Unknown  
  196  12:29  Roach x2, Spine Crawler  
  192  12:39  Roach x5  
  194  12:49  Roach x5  
  191  12:56  Roach x6  
  195  13:00  Roach x2  
  195  13:04  Unknown  
  199  13:17  Zerg Ground Armor Level 2  
  191  13:49  Roach x4  
  191  13:55  Roach  
  198  14:02  Overseer  
  196  14:07  Spine Crawler  
  196  14:08  Spine Crawler x2  
  163  14:10  Spine Crawler x2  
  163  14:11  Roach  
  163  14:12  Roach  
  163  14:13  Spine Crawler  
  163  14:16  Roach x6  
  132  14:18  Roach  
  132  14:23  Roach x4  
  115  14:27  Roach  
  109  14:35  Roach x2  
  99  14:43  Roach x2  
  83  14:49  Overseer  
  83  14:53  Roach  
  85  15:05  Roach x2  
  85  15:06  Roach  
  91  15:38  Hatchery  
  91  15:42  Ravager x10  
  100  15:54  Roach x2  
  104  16:02  Roach  
  106  16:12  Roach x2  
  106  16:17  Ravager x2  
  114  16:25  Roach  
  114  16:31  Roach  
  116  16:42  Roach x2  
  120  16:51  Roach  
  120  16:52  Roach  
  124  17:00  Ravager  
  125  17:05  Roach  
  125  17:06  Roach x2  
  131  17:15  Roach x3  
  137  17:21  Ravager x4  
  141  17:26  Roach x2  
  141  17:27  Roach  
  126  17:45  Roach x5  
  126  17:48  Ravager x4  
  134  18:03  Roach  
  134  18:04  Roach x3  
  134  18:14  Roach x3  
  140  18:22  Ravager  
  141  18:31  Unknown  
  141  18:36  Hatchery  
  141  18:38  Ravager  
  141  18:43  Roach x3  
  147  18:53  Unknown  
  147  18:55  Roach x4  
  155  18:56  Ravager  
  155  18:58  Ravager  
  157  19:03  Unknown  
  157  19:06  Hydralisk  
  151  19:26  Roach x3  
  157  19:37  Roach x2  
  161  19:40  Extractor  
  161  19:43  Zergling x2  
  161  19:45  Extractor  
  158  19:53  Roach  
  158  19:54  Roach x3  
  166  20:06  Roach x2  
  170  20:10  Roach  
  172  20:15  Roach x2  
  174  20:23  Unknown x3, Roach x2  
  178  20:30  Roach x2  
  178  20:31  Roach  
  178  20:34  Overlord  
  176  20:38  Roach x2  
  179  20:43  Roach x2  
  181  20:54  Roach x3  
  187  21:05  Roach  
  187  21:06  Roach x3  
  187  21:10  Unknown  
  195  21:14  Roach x2  
  199  21:27  Roach  
  199  21:30  Overseer  
  196  21:37  Roach  
  168  22:02  Roach x9  
  164  22:14  Roach x5  
  164  22:15  Roach x2  
  176  22:28  Roach x4  
  174  22:36  Roach x3  
  176  22:42  Hatchery  
  173  22:45  Hydralisk x2  
  173  22:50  Roach  
  177  22:52  Queen  
  177  22:55  Extractor  
  178  23:04  Roach x2  
  178  23:05  Roach x2  
  186  23:11  Ravager  
  187  23:18  Roach  
  187  23:19  Roach x2  
  175  23:38  Roach x6  
Show
View Real Time Build Order
Export as new Build Order

Zanster Zerg 

Build Orders: Hatch First 

Get SALT Encoding   

  12  0:01  Drone  
  13  0:13  Overlord  
  13  0:18  Drone  
  14  0:32  Drone x2  
  16  0:35  Drone  
  17  0:52  Hatchery  
  17  0:55  Drone  
  17  0:58  Drone  
  18  1:08  Extractor  
  17  1:13  Spawning Pool  
  17  1:16  Drone  
  17  1:19  Drone  
  18  1:29  Drone  
  19  1:41  Drone  
  20  1:51  Overlord  
  20  2:01  Queen  
  20  2:03  Queen  
  20  2:04  Zergling x2  
  20  2:05  Zergling x2  
  20  2:08  Metabolic Boost  
  26  2:12  Zergling x2  
  27  2:22  Drone  
  28  2:23  Drone  
  28  2:29  Baneling Nest  
  28  2:31  Drone  
  28  2:36  Drone  
  30  2:37  Drone  
  30  2:43  Queen  
  33  2:47  Overlord  
  33  2:49  Drone  
  34  2:56  Drone  
  35  3:03  Drone  
  36  3:11  Hatchery  
  35  3:14  Zergling x2, Drone  
  35  3:15  Drone  
  35  3:17  Zergling x2  
  38  3:24  Zergling x4  
  40  3:27  Overlord  
  40  3:29  Drone  
  40  3:32  Drone  
  40  3:34  Baneling x2  
  42  3:35  Drone  
  43  3:50  Zergling x2  
  43  3:51  Zergling x8  
  45  3:55  Zergling x2  
  45  3:56  Zergling x8  
  45  4:00  Zergling x2  
  48  4:04  Roach Warren  
  48  4:08  Zergling x2  
  48  4:14  Baneling x2  
  49  4:21  Zergling x4  
  49  4:23  Hatchery  
  50  4:27  Zergling x4  
  52  4:34  Overlord x2  
  52  4:42  Overlord  
  53  4:47  Hatchery  
  53  4:50  Baneling x2  
  50  4:53  Zergling x6  
  50  5:00  Zergling x4  
  50  5:01  Zergling x6  
  50  5:05  Evolution Chamber  
  48  5:16  Roach  
  48  5:17  Roach x4  
  58  5:23  Roach  
  58  5:26  Extractor  
  58  5:27  Overlord  
  59  5:33  Drone  
  59  5:34  Drone x3  
  62  5:43  Roach  
  62  5:44  Roach x2  
  62  5:48  Overlord  
  68  5:53  Roach  
  68  5:56  Roach x2  
  74  5:58  Overlord  
  74  6:00  Roach  
  74  6:01  Overlord  
  74  6:09  Baneling x2  
  74  6:10  Drone  
  74  6:11  Drone x4  
  79  6:12  Extractor  
  78  6:21  Roach x2  
  78  6:23  Overlord  
  82  6:34  Drone x7  
  89  6:41  Overlord  
  89  6:46  Zerg Missile Weapons Level 1  
  88  6:48  Overlord  
  88  6:52  Drone x4  
  90  6:57  Lair  
  89  7:02  Drone x3  
  89  7:06  Drone x2  
  91  7:15  Drone x5  
  94  7:19  Drone  
  94  7:20  Drone  
  94  7:21  Drone x2  
  98  7:25  Drone  
  98  7:29  Extractor  
  98  7:30  Overlord  
  98  7:33  Drone  
  98  7:35  Extractor  
  98  7:38  Roach x4  
  98  7:40  Roach  
  98  7:41  Roach  
  107  7:44  Roach  
  107  7:45  Roach  
  107  7:47  Roach  
  107  7:48  Roach  
  107  7:51  Overlord  
  115  7:54  Roach x2  
  119  7:58  Drone  
  119  8:00  Drone x2  
  119  8:01  Drone  
  119  8:04  Overlord  
  123  8:06  Glial Reconstitution  
  123  8:08  Roach x2  
  123  8:09  Overseer  
  127  8:13  Roach  
  127  8:14  Roach x2  
  127  8:16  Overlord  
  127  8:18  Roach  
  135  8:24  Roach x3  
  141  8:38  Overlord  
  141  8:40  Roach  
  141  8:41  Roach x3  
  149  8:42  Hatchery  
  149  8:44  Zerg Missile Weapons Level 2  
  148  8:48  Overlord  
  148  8:54  Roach  
  148  8:55  Roach x3  
  156  8:57  Roach  
  156  8:59  Roach  
  156  9:02  Ravager x3  
  163  9:04  Overlord  
  163  9:07  Roach x2  
  169  9:10  Roach x2  
  169  9:16  Roach  
  177  9:17  Roach x3  
  177  9:18  Ravager  
  177  9:20  Overlord  
  177  9:22  Overlord  
  177  9:23  Overseer  
  180  9:29  Overlord  
  180  9:36  Overlord  
  180  9:39  Roach  
  180  9:40  Roach  
  180  9:41  Tunneling Claws, Burrow  
  180  9:42  Overlord  
  184  9:48  Overlord  
  184  9:52  Roach x4  
  192  9:54  Overlord  
  192  10:01  Roach x3  
  192  10:02  Overlord  
  192  10:05  Ravager  
  199  10:14  Overlord  
  199  10:21  Overlord  
  195  10:35  Roach x8  
  168  10:36  Roach x7  
  168  10:39  Roach x2  
  168  10:40  Roach  
  153  10:44  Roach  
  153  10:48  Roach  
  153  10:49  Roach x3  
  135  10:53  Roach  
  122  10:57  Roach x3  
  122  11:01  Roach x3  
  132  11:16  Roach x3  
  132  11:17  Extractor  
  132  11:18  Roach  
  139  11:21  Hatchery  
  139  11:24  Roach  
  139  11:25  Roach x3  
  146  11:28  Ravager x3  
  146  11:30  Roach  
  146  11:31  Roach  
  153  11:35  Drone x4  
  157  11:42  Roach x3  
  163  11:47  Ravager  
  163  11:49  Overlord  
  163  11:50  Roach  
  163  11:51  Roach x2  
  170  11:58  Zerg Ground Armor Level 1  
  170  12:00  Unknown  
  170  12:01  Roach  
  170  12:02  Roach x2  
  176  12:08  Roach  
  176  12:09  Roach x3  
  176  12:10  Overlord  
  176  12:13  Roach x3  
  176  12:15  Ravager  
  187  12:23  Roach x6  
  195  12:40  Roach x2  
  193  12:57  Roach x15  
  189  13:01  Roach x2  
  195  13:05  Roach  
  195  13:06  Roach  
  195  13:07  Overseer  
  195  13:08  Pneumatized Carapace  
  197  13:16  Roach  
  197  13:17  Roach x12  
  199  13:21  Unknown  
  199  13:37  Infestation Pit, Hatchery  
  199  13:38  Overseer, Overlord  
  197  13:51  Overlord  
  191  13:56  Overlord  
  191  13:59  Roach  
  191  14:00  Roach x9  
  178  14:14  Roach  
  178  14:15  Roach x5  
  152  14:22  Roach x2  
  134  14:24  Roach  
  119  14:31  Roach x8  
  106  14:40  Roach  
  106  14:41  Roach x2  
  104  14:48  Drone x2  
  104  14:59  Roach  
  110  15:00  Roach x2  
  110  15:19  Roach  
  112  15:24  Overseer  
  112  15:26  Infestor, Hatchery  
  113  15:30  Infestor  
  115  15:41  Ravager  
  117  15:42  Ravager  
  117  15:43  Ravager x4  
  117  15:46  Roach x2  
  125  15:56  Roach  
  131  15:57  Roach x2  
  131  16:01  Unknown x2  
  131  16:03  Roach x2  
  135  16:11  Infestor  
  135  16:13  Infestor  
  139  16:24  Ravager  
  139  16:25  Ravager x2  
  142  16:29  Drone  
  142  16:30  Drone x2  
  145  16:39  Drone  
  147  16:40  Drone  
  147  16:48  Ravager x3  
  150  16:55  Roach  
  150  16:59  Overseer  
  152  17:01  Overseer  
  154  17:08  Roach x2  
  154  17:09  Roach  
  158  17:25  Roach x5  
  166  17:33  Roach x21  
  146  17:45  Roach x4  
  146  17:46  Roach x3  
  160  17:53  Roach  
  160  17:54  Roach x2  
  158  18:03  Roach x3  
  158  18:05  Roach x23  
  151  18:11  Infestor  
  151  18:12  Infestor  
  155  18:25  Ravager x5  
  155  18:26  Roach x2  
  164  18:27  Unknown x2  
  164  18:28  Unknown x2  
  164  18:29  Roach  
  166  18:35  Roach  
  166  18:36  Roach x2  
  172  18:54  Roach  
  172  18:55  Hatchery, Roach  
  175  18:59  Unknown x2, Roach  
  175  19:00  Roach  
  177  19:10  Unknown x2  
  177  19:17  Roach x6  
  189  19:29  Roach x3  
  195  19:34  Roach  
  195  19:35  Roach  
  195  19:37  Ravager  
  197  20:03  Roach x5  
  197  20:04  Roach  
  200  20:11  Overseer  
  200  20:26  Overseer  
  200  20:39  Overlord  
  200  20:46  Extractor  
  200  20:47  Extractor, Hydralisk Den  
  197  20:51  Zerg Ground Armor Level 2  
  197  21:01  Roach x18  
  197  21:18  Unknown  
  197  21:19  Unknown  
  197  21:21  Unknown  
  197  21:24  Unknown x3  
  197  21:26  Unknown  
  161  22:02  Roach  
  161  22:03  Roach x10  
  161  22:07  Infestor x2  
  158  22:09  Roach x6  
  158  22:13  Drone x14  
  173  22:18  Drone  
  173  22:19  Drone x6  
  167  22:40  Roach x39, Drone  
  168  22:48  Infestor  
  164  22:51  Drone  
  164  22:52  Drone  
  164  23:02  Roach x8  
  164  23:04  Roach x2  
  164  23:05  Roach  
  170  23:13  Roach  
  172  23:24  Roach x3  
  167  23:39  Roach x2  
Tags
 
Add a new tag
Caveats
  • Supply blocks, unpowered buildings, or Contaminate may cause inaccurate times.
  • Supply counts are checked every 10 seconds.